 Dungeon Crawl Stone Soup version 0.22-a0-538-g76cc104 (webtiles) character file.

18 inc the Digger (level 2, -4/17 HPs)
             Began as an Octopode Earth Elementalist on June 23, 2018.
             Slain by a leopard gecko (5 damage)
             ... on level 1 of the Dungeon.
             The game lasted 00:00:45 (280 turns).

inc the Digger (Octopode Earth Elementalist)         Turns: 280, Time: 00:00:46

Health: -4/17      AC:  1    Str:  7    XL:     2   Next: 66%
Magic:  0/5        EV: 13    Int: 17    God:
Gold:   21         SH:  0    Dex: 12    Spells: 4/5 levels left

rFire    . . .     SeeInvis .   a - -1 short sword (curse)
rCold    . . .     Gourm    .   (no shield)
rNeg     . . .     Faith    .   (helmet restricted)
rPois    .         Spirit   .   (no amulet)
rElec    .         Reflect  .   (no ring)
rCorr    .         Harm     .   (no ring)
MR       .....                  (no ring)
Stlth    +++.......             (no ring)
HPRegen  0.05/turn              (no ring)
MPRegen  0.09/turn              (no ring)
                                (no ring)
                                (no ring)

@: very slightly contaminated
A: almost no armour, stealthy swim, amphibious, 8 rings, constrict 8, camouflage
1, gelatinous body 1
a: no special abilities


You were on level 1 of the Dungeon.
You were not hungry.

You visited 1 branch of the dungeon, and saw 1 of its levels.

You collected 21 gold pieces.

Inventory:

Hand Weapons
 a - a cursed -1 short sword (weapon)
Missiles
 b - 18 stones (quivered)
Scrolls
 d - 4 scrolls of remove curse {unknown}
Comestibles
 c - a ration


   Skills:
 - Level 2.0 Dodging
 - Level 2.6 Stealth
 - Level 2.0 Spellcasting
   Level 1.0 Transmutations
 + Level 3.9 Earth Magic


You had 4 spell levels left.
You knew the following spells:

 Your Spells              Type           Power        Failure   Level  Hunger
a - Sandblast             Erth           ###...       3%          1    #......

Your spell library contained the following spells:

 Spells                   Type           Power        Failure   Level  Hunger
 Stone Arrow              Conj/Erth      #.....       26%         3    ###....
 Passwall                 Tmut/Erth      ##......     11%         2    ###....
 Lee's Rapid Deconstruct  Erth           ###.......   71%         5    ######.
 Petrify                  Tmut/Erth      ##......     56%         4    #####..


Dungeon Overview and Level Annotations

Branches:
Dungeon (1/15)

Altars:


Innate Abilities, Weirdness & Mutations

You cannot wear most types of armour.
You are very stealthy in the water. (Stealth+)
You are amphibious.
You can wear up to eight rings at the same time.
You can use your tentacles to constrict eight enemies at once.
Your skin changes colour to match your surroundings (Stealth+).
Your rubbery body absorbs attacks. (AC +1, EV +1)


Message History

Casting: Sandblast (safe; 3% risk of failure)
Confirm with . or Enter, or press ? or * to list all spells.
Aiming: Sandblast (safe; 3% risk of failure)
Press: ? - help, Shift-Dir - straight line, f - leopard gecko
Aim: a leopard gecko (clinging, hasn't noticed you)
You miscast Sandblast.
You are very lightly contaminated with residual magic.
Nothing appears to happen.
The leopard gecko hisses angrily.
The leopard gecko bites you.
* * * LOW HITPOINT WARNING * * *
Casting: Sandblast (safe; 3% risk of failure)
Confirm with . or Enter, or press ? or * to list all spells.
You don't have enough magic to cast that spell.
Unknown command.
You miss the leopard gecko. You grab the leopard gecko.
You constrict the leopard gecko. The leopard gecko bites you.
* * * LOW HITPOINT WARNING * * *
The leopard gecko bites you.
You die...

## .# .# .# # h .##
##.#l ..## #
.g$g##... ..#
#....# #...####.# #
#.......####.####.
#........@l†......
%.?...#.#####.#####
#####.#.# .# # #†#
.# #.#.# [#
#####.#.# .#
......).## ##.# ###
...##.#..# #..# #..
#.#####'###.####.#


You could see a leopard gecko.

Vanquished Creatures
  A dart slug (D:1)
  A leopard gecko (D:1)
  2 hobgoblins (D:1)
  3 jackals (D:1)
  2 bats (D:1)
  A frilled lizard (D:1)
  A goblin (D:1)
  2 kobolds (D:1)
  A rat (D:1)
14 creatures vanquished.

Notes
Turn   | Place    | Note
-------+----------+-------------------------------------------
     0 | D:1      | inc the Octopode Earth Elementalist began the quest for the Orb.
     0 | D:1      | Reached XP level 1. HP: 11/11 MP: 3/3
   210 | D:1      | Reached XP level 2. HP: 15/17 MP: 1/5
   280 | D:1      | Slain by a leopard gecko

Vault maps used:
D:1:      shiori_arrival_maze, minmay_misc_feat_alley, minmay_hexomino_p4

Action                   || total
-------------------------++-------
Melee: Short sword       ||    18
       Constrict         ||     6
       Tentacles         ||     3
 Cast: Sandblast         ||    12
Armor: Skin              ||     4
Dodge: Dodged            ||    21

Table legend:
 A = Spawn XP
 B = Non-spawn XP
 C = Spawn XP percentage of total XP
 D = Spawn monster count
 E = Non-spawn monster count
 F = Spawn count percentage of total count
 G = Total turns spent on level
                    A         B        C        D         E        F      G
               +---------+---------+-------+---------+---------+-------+---------
         Total |       0 |      26 |   0.0 |       0 |      14 |   0.0 |   280
               +---------+---------+-------+---------+---------+-------+---------
           D:1 |       0 |      26 |   0.0 |       0 |      14 |   0.0 |   280
               +---------+---------+-------+---------+---------+-------+---------
